 Dungeon Crawl Stone Soup version 0.30.1-11-g7821555f0a (webtiles) character file.

Game seed: 16718123906534253485

38 comborobin the Sneak (level 3, -9/29 HPs)
             Began as a Barachi Delver on Dec 23, 2023.
             Mangled by an iguana (10 damage)
             ... on level 5 of the Dungeon.
             The game lasted 00:00:43 (68 turns).

comborobin the Sneak (Barachi Delver)                 Turns: 68, Time: 00:00:43

Health: -9/29      AC:  6    Str: 15    XL:     3   Next: 43%
Magic:  3/3        EV: 10    Int: 10    God:
Gold:   0          SH:  0    Dex: 13    Spells: 2/2 levels left

rFire   . . .        a - +0 falchion
rCold   . . .        (no shield)
rNeg    . . .        h - +0 scale mail
rPois   .            (no helmet)
rElec   .            (no cloak)
rCorr   .            (no gloves)
SInv    .            (no boots)
Will    .....        (no amulet)
Stlth   +            (no ring)
HPRegen 0.24/turn    (no ring)
MPRegen 0.08/turn

%: no passive effects
@: hasted, quick
A: amphibious, slowness 1, strong legs 1, +LOS
a: Hop


You were on level 5 of the Dungeon.
You visited 1 branch of the dungeon, and saw 1 of its levels.

Inventory:

Hand Weapons
 a - a +0 falchion (weapon)
Armour
 b - a +0 leather armour
 h - a +0 scale mail (worn)
Wands
 g - a wand of digging (3)
Scrolls
 c - a scroll of fog
 d - a scroll of magic mapping
 e - 2 scrolls of fear
 i - a scroll of blinking {unknown}


   Skills:
 - Level 3.6 Fighting
 + Level 3.2 Long Blades
 * Level 2.9 Armour
 - Level 2.1 Dodging
 - Level 4.5 Stealth


You had 2 spell levels left.
You didn't know any spells.
Your spell library was empty.

Dungeon Overview and Level Annotations

Branches:
Dungeon (5/15)
 Temple: D:4-7

Altars:


Innate Abilities, Weirdness & Mutations

You are amphibious.
You cover ground slowly.
You can hop short distances.
You have an extended range of vision and can be seen from far away.


Message History

You kill the howler monkey!
Your Long Blades skill increases to level 3!
Your Armour skill gained 2 levels and is now at level 2!
You have reached level 2!
You have reached level 3!
Your experience leads to an increase in your attributes!
Increase (S)trength, (I)ntelligence, or (D)exterity?
You feel stronger. x2
You hit the iguana.
The iguana is lightly wounded.
You hit the iguana.
The iguana is lightly wounded.
The iguana misses you.
You closely miss the iguana.
The iguana is lightly wounded.
The iguana barely misses you.
You hit the iguana but do no damage.
The iguana is lightly wounded.
You hit the iguana but do no damage.
The iguana is lightly wounded.
The iguana bites you.
You hit the iguana but do no damage.
The iguana is lightly wounded.
The iguana misses you.
You closely miss the iguana.
The iguana is lightly wounded.
You hit the iguana.
The iguana is moderately wounded.
The iguana barely misses you.
You hit the iguana.
The iguana is moderately wounded.
The iguana barely misses you.
You barely miss the iguana.
The iguana is moderately wounded.
The iguana bites you!
* * * LOW HITPOINT WARNING * * *
You hit the iguana.
The iguana is severely wounded.
The iguana bites you!
You die...

.........# .
......#.#####..+##+
......#.###....#..#
.....##.#....###..#
...............#..#
..#.....##.#...+..+
..##....##..#..#..#
..#.....##..#..#..#
..#............#@.#
............##.l##+
............##.#.....#
##..##.......#.#.....#
#.. #.#..#....###+##+
##. ###..#....#
..........
#...##.......
.............


You could see an iguana.

Vanquished Creatures
  A howler monkey (D:5)
1 creature vanquished.

Notes
Turn   | Place    | Note
-------+----------+-------------------------------------------
     0 | D:5      | comborobin the Barachi Delver began the quest for the Orb.
     0 | D:5      | Reached XP level 1. HP: 18/18 MP: 1/1
    16 | D:5      | Noticed a jelly
    32 | D:5      | Noticed a howler monkey
    44 | D:5      | Noticed an iguana
    57 | D:5      | Killed a howler monkey
    58 | D:5      | Reached XP level 2. HP: 8/24 MP: 2/2
    58 | D:5      | Reached XP level 3. HP: 10/29 MP: 3/3
    67 | D:5      | HP: 1/29 [iguana (9)]
    68 | D:5      | Mangled by an iguana

Illustrated notes

Levels and vault maps discovered:
D:5:      layout_cave_pools, amcnicky_altar_gilded, mainiacjoe_overflow_24_doors

Skill      XL: |  1 |
---------------+----+-----
Long Blades    | 3 |  3.2
Armour         | 2 |  2.9
Fighting       | |  3.6
Dodging        | |  2.1
Stealth        | |  4.5

Action                     || total
---------------------------++-------
  Melee: Falchion          ||    20
    Use: Potion            ||     1
 Armour: Scale mail        ||     1
  Dodge: Dodged            ||    10
